 Dungeon Crawl Stone Soup version 0.24-a0-652-g46ecf6da75 (webtiles) character file.

Game seed: 2806082178958629002, levelgen mode: deterministic

1206 Mame the Fighter (level 8, -8/68 HPs)
             Began as a Demonspawn Abyssal Knight on Sept 26, 2019.
             Was an Elder of Lugonu.
             Mangled by an ice beast (12 damage)
             ... on level 6 of the Dungeon.
             The game lasted 00:24:29 (6969 turns).

Mame the Fighter (Demonspawn Abyssal Knight)        Turns: 6969, Time: 00:24:30

Health: -8/68      AC:  3    Str: 14    XL:     8   Next: 21%
Magic:  13/13      EV: 11    Int: 13    God:    Lugonu [****..]
Gold:   225        SH: 10    Dex: 14    Spells: 7/7 levels left

rFire    + . .     SeeInvis .   a - +1 falchion
rCold    . . .     Gourm    .   (no shield)
rNeg     . . .     Faith    .   b - +0 leather armour
rPois    .         Spirit   .   (no helmet)
rElec    .         Reflect  +   (no cloak)
rCorr    .         Harm     .   (no gloves)
MR       .....                  (no boots)
Stlth    +.........             d - +6 amulet of reflection
HPRegen  0.21/turn              k - ring of flight
MPRegen  0.13/turn              (no ring)

@: lightly drained
A: claws 2, large bone plates 1, demonic guardian 1, fire resistance 1
a: Depart the Abyss, Bend Space, Banish, Corrupt, Renounce Religion, Evoke
Flight


You were on level 6 of the Dungeon.
You worshipped Lugonu.
Lugonu was greatly pleased with you.
You were not hungry.

You visited 1 branch of the dungeon, and saw 6 of its levels.
You visited the Abyss 1 time.

You collected 225 gold pieces.

Inventory:

Hand Weapons
 a - a +1 falchion (weapon)
 m - a +0 hunting sling
 o - a +0 long sword
 z - a +4 dire flail of draining
Missiles
 j - 2 silver boomerangs (quivered)
 r - 15 poisoned darts
Armour
 b - a +0 leather armour (worn)
 f - a +0 chain mail
 g - a cursed +0 ring mail
 A - the +5 ring mail of Negligence {Int+4 Dex+3, unknown}
   (You found it on level 5 of the Dungeon)

   It affects your intelligence (+4).
   It affects your dexterity (+3).
 B - a +0 cloak
Jewellery
 d - a +6 amulet of reflection (around neck)
 k - a ring of flight (left claw)
 n - an uncursed ring of resist corrosion {unknown}
Wands
 C - a wand of paralysis (8)
Scrolls
 e - 2 scrolls of fear
 h - 3 scrolls of teleportation
 i - a scroll of magic mapping {unknown}
 l - a scroll of immolation {unknown}
 s - a scroll of amnesia
 t - a scroll of noise
 x - a scroll of identify
 y - a scroll of remove curse {unknown}
 E - a scroll of random uselessness {unknown}
Potions
 p - a potion of berserk rage
 q - 2 potions of haste
 u - a potion of flight
 v - a potion of resistance
 w - a potion of agility
Comestibles
 c - 4 rations
 D - 3 chunks of flesh


   Skills:
 - Level 8.1(7.7) Fighting
 - Level 1.7(1.4) Long Blades
 + Level 2.3(2.0) Maces & Flails
 - Level 1.7(1.4) Armour
 - Level 0.8(0.5) Dodging
 + Level 7.8(7.4) Invocations


You had 7 spell levels left.
You didn't know any spells.
Your spell library was empty.

Dungeon Overview and Level Annotations

Branches:
Dungeon (6/15)             Temple (0/1) D:4

Altars:
Ashenzari
Cheibriados
Uskayaw

Shops:
D:6 =[(


Innate Abilities, Weirdness & Mutations

You have very sharp fingernails.
You are partially covered in large bone plates. (SH +4)
A weak demonic guardian rushes to your aid.
Your flesh is heat resistant. (rF+)


Message History

The ice beast is severely wounded.
You block the ice beast's attack.
You barely miss the ice beast.
The ice beast is severely wounded.
You block the ice beast's attack.
You hit the ice beast but do no damage.
The ice beast is severely wounded.
The ice beast barely misses you. You block the ice beast's attack.
You hit the ice beast.
The ice beast is almost dead.
The ice beast hits you.
* * * LOW HITPOINT WARNING * * *
The ice beast freezes you!
* * * LOW HITPOINT WARNING * * *
You closely miss the ice beast.
The ice beast is almost dead.
The ice beast hits you.
* * * LOW HITPOINT WARNING * * *
The ice beast freezes you!
You die...

##............######
#...##...♣<......#.#
#......♣.∩.♣.......###
##........♣...........#
#....................# ###
####............##.....## ...#
....#######......#....).#....#
....# ###................#
...## #....@Y......##. ....+
#..........$......# ....#
###.............#+# ....#
#..............# ...##
##.......#?..### ...#
#......##..... #..####
#.=.......#.... ##....#
#.#.∩.......... #....# ##
..##... . ..#


You could see an ice beast.

Vanquished Creatures
  A hippogriff (D:4)
  Menkaure (D:4)
  Edmund (D:5)
  2 phantoms (D:5)
  A bullfrog (D:6)
  2 centaur zombies (D:5)
  A crimson imp (D:5)
  A hound (D:5)
  2 jellies (D:5)
  A bullfrog skeleton (D:5)
  An orc wizard (D:4)
  4 worker ants
  A mummy (D:4)
  Robin (D:3)
  5 adders
  A gnoll (D:5)
  A howler monkey skeleton (D:5)
  A shadow imp (D:6)
  3 oozes (D:1)
  8 worms
  9 leopard geckos
  4 orcs
  7 giant cockroaches
  10 goblins
  14 hobgoblins
  7 jackals
  A quokka (D:4)
  3 ball pythons (D:2)
  6 bats
  3 frilled lizards
  4 hobgoblin zombies (D:4)
  3 kobolds
  5 rats
115 creatures vanquished.

Vanquished Creatures (collateral kills)
  A bullfrog zombie (D:6)
  An orc priest (D:4)
  2 iguanas
  2 worker ants (D:5)
  An adder (D:4)
  A leopard gecko (D:5)
  An orc (D:4)
9 creatures vanquished.

Grand Total: 124 creatures vanquished

Notes
Turn   | Place    | Note
-------+----------+-------------------------------------------
     0 | Abyss:1  | Mame the Demonspawn Abyssal Knight began the quest for the
                  | Orb.
     0 | Abyss:1  | Reached XP level 1. HP: 18/18 MP: 2/2
   109 | D:1      | Escaped the Abyss
   184 | D:1      | Gained mutation: Your flesh is heat resistant. (rF+)
                  | [demonic ancestry]
   184 | D:1      | Reached XP level 2. HP: 21/24 MP: 3/3
   440 | D:1      | Reached ** piety under Lugonu
   605 | D:1      | Reached skill level 4 in Fighting
   833 | D:1      | Gained mutation: You have sharp fingernails. [demonic
                  | ancestry]
   833 | D:1      | Reached XP level 3. HP: 30/30 MP: 4/4
  1282 | D:1      | HP: 2/46 [poisoned by an adder]
  1289 | D:1      | HP: 2/48 [poisoned by an adder]
  1297 | D:1      | HP: 1/48 [poisoned by an adder]
  1621 | D:2      | Gained mutation: You have very sharp fingernails. [demonic
                  | ancestry]
  1621 | D:2      | Reached XP level 4. HP: 18/38 MP: 5/5
  1929 | D:2      | Found a shattered altar of Ashenzari.
  1933 | D:2      | Reached skill level 5 in Fighting
  2600 | D:3      | Noticed Robin
  2629 | D:3      | Killed Robin
  2874 | D:3      | Gained mutation: A weak demonic guardian rushes to your
                  | aid. [demonic ancestry]
  2874 | D:3      | Reached XP level 5. HP: 40/46 MP: 6/6
  3095 | D:3      | Reached *** piety under Lugonu
  3778 | D:4      | Reached skill level 6 in Fighting
  4770 | D:4      | Found a staircase to the Ecumenical Temple.
  4773 | D:4      | Noticed Menkaure
  4780 | D:4      | Killed Menkaure
  4780 | D:4      | Reached skill level 7 in Fighting
  4780 | D:4      | Reached XP level 6. HP: 49/55 MP: 7/7
  4831 | D:4      | Noticed a hippogriff
  4841 | D:4      | Killed a hippogriff
  5093 | D:4      | Reached skill level 8 in Fighting
  5183 | D:5      | Entered Level 5 of the Dungeon
  5195 | D:5      | Gained mutation: You are partially covered in large bone
                  | plates. (SH +4) [demonic ancestry]
  5195 | D:5      | Reached XP level 7. HP: 31/62 MP: 8/8
  5623 | D:5      | Reached skill level 5 in Invocations
  5808 | D:5      | Noticed Edmund
  5809 | D:5      | Found a hide-covered altar of Uskayaw.
  5826 | D:5      | HP: 2/62 [Edmund/+4 dire flail of draining (7)]
  5827 | D:5      | Killed Edmund
  6189 | D:5      | Found a snail-covered altar of Cheibriados.
  6213 | D:5      | Got a slimy ring mail
  6390 | D:5      | Reached skill level 1 in Maces & Flails
  6401 | D:5      | Reached XP level 8. HP: 54/68 MP: 13/13
  6680 | D:6      | Found Xaxer's Jewellery Emporium.
  6906 | D:6      | Reached **** piety under Lugonu
  6919 | D:6      | Found Uskuqeiq's Armour Emporium.
  6943 | D:6      | Found Lituusa's Antique Weapon Emporium.
  6969 | D:6      | Mangled by an ice beast

Levels and vault maps discovered:
D:1:      dpeg_arrival_connections, layout_loops_corners,
          chequers_serial_rivers_micro_c, minmay_misc_feat_diagonals,
          minivault_5
D:2:      layout_rooms, evilmike_ruin_ashenzari, first_ration
D:3:      layout_basic, uniq_robin
D:4:      layout_basic, minmay_temple_entry_drinking_statues,
          roderic_roman_lattice, minmay_mini_ossuary, uniq_menkaure
D:5:      minmay_skewed_foursquare, layout_cave_pools,
          nicolae_overflow_crystal_walls, basic_altar, abandoned_shop,
          minmay_holes, uniq_edmund
D:6:      layout_cave_pools, kennysheep_mini, serial_shops,
          kennysheep_little_box, nicolae_shop_trees, nicolae_shop_trees, shop,
          shop, minmay_misc_feat_more_columns, lightli_orcish_oven

Skill      XL: |  1  2  3  4  5  6  7  8 |
---------------+-------------------------+-----
Fighting       | 4 5 7 8 |  8.1
Invocations    | 7 |  7.8
Maces & Flails | 1 2 |  2.3
Long Blades    | |  1.7
Armour         | |  1.7
Dodging        | |  0.8

Action                   |  1- 3 |  4- 6 |  7- 9 || total
-------------------------+-------+-------+-------++-------
Melee: Falchion          |   111 |   282 |   108 ||   501
       Dire flail        |       |       |    41 ||    41
Throw: Boomerang         |     1 |     2 |     2 ||     5
  Use: Scroll            |     4 |     3 |     4 ||    11
       Potion            |     2 |       |       ||     2
 Stab: Sleeping          |       |     1 |       ||     1
  Eat: Ration            |     1 |     1 |     1 ||     3
       Chunk             |       |     9 |     1 ||    10
Armor: Leather armour    |    24 |    49 |    14 ||    87
       Skin              |     7 |       |       ||     7
Dodge: Dodged            |    62 |   128 |    53 ||   243
Block: Other             |     3 |    71 |    80 ||   154
       Rpst.: Falchion   |    17 |    36 |     8 ||    61

Table legend:
 A = Non-vault XP
 B = Vault XP
 C = Vault XP percentage of total XP
 D = Non-vault monster count
 E = Vault monster count
 F = Vault count percentage of total count
                 A         B        C        D         E       F
            +---------+---------+-------+---------+---------+-------
      Total |    1138 |     586 |  34.0 |     100 |      24 |  19.4
            +---------+---------+-------+---------+---------+-------
        D:1 |      67 |       0 |   0.0 |      22 |       0 |   0.0
        D:2 |      89 |       0 |   0.0 |      29 |       0 |   0.0
        D:3 |      44 |      31 |  41.3 |      10 |       9 |  47.4
        D:4 |     373 |     123 |  24.8 |      21 |       6 |  22.2
        D:5 |     413 |     432 |  51.1 |      12 |       9 |  42.9
        D:6 |     152 |       0 |   0.0 |       6 |       0 |   0.0
            +---------+---------+-------+---------+---------+-------
